 Dungeon Crawl Stone Soup version 0.20.1-1-g8b1a95d (webtiles) character file.

1078 tamerofbeasts the Cudgeler (level 8, -3/69 HPs)
             Began as a Minotaur Fighter on Nov 16, 2017.
             Was an Initiate of Ru.
             Slain by a wyvern (9 damage)
             ... on level 6 of the Dungeon on Nov 17, 2017.
             The game lasted 00:25:57 (5812 turns).

tamerofbeasts the Cudgeler (Minotaur Fighter)       Turns: 5812, Time: 00:25:57

Health: -3/69      AC: 11    Str: 21    XL:     8   Next: 8%
Magic:  7/7        EV:  7    Int:  5    God:    Ru [......]
Gold:   157        SH: 11    Dex: 12    Spells: 7/7 levels left

rFire    . . .     SeeInvis .   e - +1 flail
rCold    . . .     Gourm    .   c - +1 shield
rNeg     . . .     Faith    .   t - +0 chain mail
rPois    .         Spirit   .   (helmet restricted)
rElec    .         Reflect  .   y - scarf {repulsion}
rCorr    .         Harm     .   j - +0 pair of gloves
MR       .....                  (no boots)
Stlth    ..........             (no amulet)
Regen    0.3/turn               (no ring)
MPRegen  0.1/turn               (no ring)

@: repel missiles
A: retaliatory headbutt, horns 2
a: Renounce Religion


You were on level 6 of the Dungeon.
You worshipped Ru.
Ru was noncommittal.
You were full.

You visited 2 branches of the dungeon, and saw 7 of its levels.

You collected 301 gold pieces.
You spent 144 gold pieces at shops.

Inventory:

Hand Weapons
 a - a +0 long sword
 e - a +1 flail (weapon)
 k - a +0 shortbow
 q - a cursed -2 falchion
Missiles
 l - 41 arrows
Armour
 c - a +1 shield (worn)
 g - a +0 cloak
 j - a +0 pair of gloves (worn)
 t - a +0 chain mail (worn)
 y - a scarf of repulsion (worn)
Jewellery
 s - an uncursed ring of see invisible {unknown}
Wands
 v - a wand of random effects (30/48)
 w - a wand of iceblast (11/15)
Scrolls
 f - 3 scrolls of identify
 i - a scroll of random uselessness
 n - a scroll of magic mapping
 r - a scroll of blinking
Potions
 d - 5 potions of might
 o - a potion of agility {unknown}
 p - 6 potions of curing {unknown}
Books
 h - a book of Frost

   Spells                             Type                      Level
   a - Freeze                         Ice                          1
   b - Throw Frost                    Conjuration/Ice              2
   c - Ozocubu's Armour               Charms/Ice                   3
   d - Throw Icicle                   Conjuration/Ice              4
   e - Summon Ice Beast               Ice/Summoning                4
Comestibles
 m - 3 bread rations


   Skills:
 + Level 5.6 Fighting
 + Level 3.2 Long Blades
 + Level 6.3 Maces & Flails
 + Level 6.2 Armour
 + Level 2.4 Dodging
 + Level 0.8 Stealth
 + Level 6.1 Shields


You had 7 spell levels left.
You didn't know any spells.

Dungeon Overview and Level Annotations

Branches:
Dungeon (6/15)             Temple (1/1) D:4

Altars:
Ashenzari
Cheibriados
Dithmenos
Elyvilon
Gozag
Hepliaklqana
Kikubaaqudgha
Makhleb
Nemelex Xobeh
Okawaru
Ru
Sif Muna
Trog
Uskayaw
Xom
Yredelemnul
Zin
The Shining One

Shops:
D:5 [


Innate Abilities, Weirdness & Mutations

You reflexively headbutt those who attack you in melee.
You have a pair of horns on your head.


Message History

Unknown command.
You barely miss the shadow imp. You headbutt the shadow imp!
The shadow imp is almost dead.
The shadow imp hits you but does no damage.
You block the wyvern's attack.
You thump the shadow imp!
You kill the shadow imp!
The wyvern bites you but does no damage.
The wyvern barely misses you. The wyvern bites you!
* * * LOW HITPOINT WARNING * * *
You block the wyvern's attack.
You see here 9 gold pieces.
You barely miss the wyvern.
The wyvern is lightly wounded.
The wyvern bites you but does no damage.
You closely miss the wyvern. Your headbutt misses the wyvern.
The wyvern is lightly wounded.
The wyvern bites you!
You die...

#.. #.#. ....###..
......>..
......#.. .#
........# ####.#
#.# ........###
...... #.#
......#l).##......
#.#
.......@†........
#.#
.........##......
#.#
....####..#.#####
#.# ###
##....#########..
##...##.........
###.......###.#
#..####......#
#.## ###....) ...
####).


You could see a wyvern.

Vanquished Creatures
  A hippogriff (D:3)
  Sigmund (D:5)
  Edmund (D:6)
  The ghost of Draznyth the Shield-Bearer, an amateur DDFi (D:3)
  A centaur (D:6)
  2 howler monkeys
  A crimson imp (D:4)
  A hound (D:6)
  A centaur skeleton (D:5)
  Terence (D:2)
  A worker ant (D:5)
  A hound zombie (D:5)
  2 worker ant zombies
  4 gnolls
  4 adders
  A shadow imp (D:6)
  An ooze (D:1)
  3 worms
  5 leopard geckos
  2 orcs
  4 giant cockroaches
  8 hobgoblins
  10 jackals
  10 kobolds
  A quokka (D:5)
  A ball python (D:1)
  7 bats
  15 frilled lizards
  11 goblins
  A goblin skeleton (D:4)
  A goblin zombie (D:4)
  A hobgoblin zombie (D:4)
  A kobold skeleton (D:4)
  A kobold zombie (D:4)
  An orc skeleton (D:4)
  6 rats
114 creatures vanquished.

Notes
Turn   | Place    | Note
-------+----------+-------------------------------------------
     0 | D:1      | tamerofbeasts the Minotaur Fighter began the quest for the Orb.
     0 | D:1      | Reached XP level 1. HP: 19/19 MP: 0/0
    71 | D:1      | Reached XP level 2. HP: 23/27 MP: 1/1
   420 | D:1      | Reached XP level 3. HP: 33/33 MP: 2/2
  1172 | D:2      | Reached skill level 1 in Maces & Flails
  1210 | D:2      | Found an opulent altar of Gozag.
  1267 | D:2      | Reached XP level 4. HP: 36/40 MP: 3/3
  1677 | D:2      | Noticed Terence
  1691 | D:2      | Killed Terence
  1769 | D:2      | Reached skill level 1 in Dodging
  1838 | D:2      | Found a shadowy altar of Dithmenos.
  1838 | D:2      | Found a white marble altar of Elyvilon.
  2179 | D:3      | Noticed Draznyth's ghost (amateur DDFi)
  2191 | D:3      | Killed Draznyth's ghost
  2191 | D:3      | Reached XP level 5. HP: 21/46 MP: 4/4
  2504 | D:3      | Noticed a hippogriff
  2514 | D:3      | Killed a hippogriff
  2514 | D:3      | Reached skill level 5 in Armour
  2514 | D:3      | Reached skill level 5 in Shields
  2514 | D:3      | Reached XP level 6. HP: 37/53 MP: 5/5
  2978 | D:4      | Found an iron altar of Okawaru.
  3063 | D:4      | Found a basalt altar of Yredelemnul.
  3150 | D:4      | Found a glowing golden altar of the Shining One.
  3253 | D:4      | Found an iron altar of Okawaru.
  3271 | D:4      | Found a staircase to the Ecumenical Temple.
  3288 | Temple   | Entered the Ecumenical Temple
  4648 | Temple   | Became a worshipper of Ru the Awakened
  4716 | D:5      | Entered Level 5 of the Dungeon
  4741 | D:5      | Found a burning altar of Makhleb.
  4753 | D:5      | Reached XP level 7. HP: 58/60 MP: 6/6
  4847 | D:5      | Found Ycowky's Antique Armour Shop.
  4854 | D:5      | Bought a runed scarf for 144 gold pieces
  4873 | D:5      | Noticed Sigmund
  4898 | D:5      | Killed Sigmund
  4898 | D:5      | Reached skill level 5 in Fighting
  4898 | D:5      | Reached skill level 5 in Maces & Flails
  5148 | D:5      | Found a sparkling altar of Nemelex Xobeh.
  5788 | D:6      | Noticed Edmund
  5789 | D:6      | Noticed a wyvern
  5804 | D:6      | Killed Edmund
  5804 | D:6      | Reached XP level 8. HP: 16/69 MP: 7/7
  5812 | D:6      | Slain by a wyvern

Skill      XL: |  1  2  3  4  5  6  7 |
---------------+----------------------+-----
Fighting       | 4 5 |  5.6
Armour         | 4 5 6 |  6.2
Long Blades    | 3 |  3.2
Shields        | 4 5 6 |  6.1
Maces & Flails | 1 2 4 6 |  6.3
Dodging        | 1 2 |  2.4
Stealth        | |  0.8

Action                   |  1- 3 |  4- 6 |  7- 9 || total
-------------------------+-------+-------+-------++-------
Melee: Long sword        |    19 |       |       ||    19
       Flail             |    59 |   150 |    89 ||   298
       Headbutt          |     6 |    26 |    22 ||    54
  Use: Scroll            |     1 |       |     9 ||    10
  Eat: Bread ration      |     2 |       |       ||     2
       Royal jelly       |       |     2 |     1 ||     3
       Fruit             |       |     1 |       ||     1
       Meat ration       |       |       |     1 ||     1
Armor: Scale mail        |    60 |    75 |    15 ||   150
       Chain mail        |       |       |    14 ||    14
Dodge: Dodged            |    46 |    69 |    30 ||   145
       Deflected         |       |       |     4 ||     4
Block: Shield            |    87 |   120 |    60 ||   267
       Rpst.: Long sword |     2 |       |       ||     2
